AoeStats
← qq1227853701

African Clearing

505982382Analyzed
4v4 RM · 19d ago on Sep 11, 2026· 57m 21s· 8 players
Game mode
Random Map
Map size
Large (8 player)
Population
200
Speed
Normal
Resources
Standard
Victory
Conquest
Starting age
Dark Age
Ending age
Imperial Age
RankedLock teamsTeams togetherTeam positionsShared explorationLock speedFull tech treeHidden civsTurbo modeCheats
Victory
Defeat
🇮🇹 Britons · Italy
908
+14
901
+15
🇧🇷 Georgians · Brazil
893
+15
🇺🇸 Vietnamese · United States
891
+15
🇹🇷 Maya · Türkiye
919
-16
🇦🇷 Vikings · Argentina
874
-15
🇦🇷 Magyars · Argentina
847
-14
🇵🇪 Inca · Peru
845
-14
RHMM16
13:23 Feudal Age
19:06 Castle Age
18:36 Stone Mining
18:31 Horse Collar
18:44 Double-Bit Axe
21:30 Loom
25:12 Bloodlines
29:04 Wheelbarrow
31:55 Husbandry
32:04 Gold Mining
36:07 Imperial Age
34:23 Hand Cart
35:08 Scale Barding Armor
36:13 Chain Barding Armor
36:05 Forging
35:37 Light Cavalry
36:32 Heavy Plow
37:48 Conscription
38:58 Elite Monaspa
46:00 Plate Barding Armor
46:03 Iron Casting
54:35 Aznauri Cavalry
kidman_de_kh
3:57 Loom
16:15 Feudal Age
17:46 Wheelbarrow
17:06 Town Watch
17:17 Gold Mining
17:18 Stone Mining
17:11 Horse Collar
17:13 Fishing Lines
18:51 Double-Bit Axe
26:06 Castle Age
24:49 Forging
24:39 Scale Mail Armor
24:30 Fletching
24:41 Padded Archer Armor
26:47 Heavy Plow
27:59 Bow Saw
28:16 Gillnets
28:28 Pikeman
29:09 Squires
30:12 Hand Cart
32:14 Stone Shaft Mining
31:53 Elite Skirmisher
32:40 Thumb Ring
31:58 Elite Skirmisher
33:54 Town Patrol
36:33 Bodkin Arrow
38:50 Arson
38:32 Crossbowman
40:18 Ballistics
40:09 Fortified Wall
39:55 Murder Holes
44:03 Treadmill Crane
47:59 Imperial Age
48:43 Iron Casting
48:24 Chain Mail Armor
49:54 Two-Man Saw
49:29 Crop Rotation
49:08 Halberdier
52:58 Chemistry
52:38 Bracer
52:54 Leather Archer Armor
53:36 Plate Mail Armor
54:18 Paper Money
53:42 Imperial Skirmisher
qq1227853701
9:59 Loom
15:59 Feudal Age
17:53 Horse Collar
20:12 Fletching
23:13 Castle Age
23:53 Bodkin Arrow
24:58 Gold Mining
25:45 Stone Mining
26:15 Town Watch
27:08 Wheelbarrow
28:40 Padded Archer Armor
31:00 Leather Archer Armor
35:08 Double-Bit Axe
36:42 Bow Saw
42:10 Imperial Age
40:47 Hand Cart
45:18 Gold Shaft Mining
46:13 Ballistics
48:28 Yeomen
49:17 Chemistry
49:32 Town Patrol
50:58 Pikeman
51:38 Squires
51:28 Treadmill Crane
51:48 Murder Holes
52:28 Conscription
52:35 Conscription
51:48 Halberdier
53:39 Warwolf
54:53 Two-Man Saw
54:37 Siege Engineers
55:16 Elite Longbowman
57:58 Bracer
58:29 Ring Archer Armor
58:11 Forging
翻斗花园突击手刷子fores
8:30 Loom
12:29 Feudal Age
16:56 Double-Bit Axe
21:59 Castle Age
25:06 Bow Saw
32:32 Imperial Age
32:58 Horse Collar
32:42 Pikeman
32:47 Elite Skirmisher
34:49 Forging
34:47 Scale Barding Armor
34:32 Fletching
34:43 Padded Archer Armor
36:04 Conscription
36:08 Heavy Plow
36:13 Fletching
36:23 Padded Archer Armor
36:51 Chain Barding Armor
37:07 Iron Casting
38:19 Wheelbarrow
37:46 Imperial Skirmisher
41:01 Plate Barding Armor
40:24 Bodkin Arrow
40:44 Leather Archer Armor
43:13 Two-Man Saw
42:14 Elite Cataphract
43:03 Halberdier
43:47 Squires
44:57 Gold Mining
45:33 Bracer
47:54 Crop Rotation
48:40 Gold Shaft Mining
49:48 Ballistics
50:28 Chemistry
50:49 Logistica
50:59 Thumb Ring
51:10 Husbandry
54:13 Scale Mail Armor
55:52 Chain Mail Armor
56:10 Ring Archer Armor
Camalote
5:39 Loom
15:08 Feudal Age
20:07 Castle Age
19:03 Forging
19:10 Fletching
20:10 Crossbowman
21:28 Double-Bit Axe
22:02 Padded Archer Armor
24:04 Bodkin Arrow
25:16 Elite Skirmisher
26:31 Elite Skirmisher
37:02 Imperial Age
39:51 Arbalester
44:03 Bracer
46:22 Light Cavalry
jm_lage
5:58 Loom
15:46 Feudal Age
17:04 Wheelbarrow
16:17 Double-Bit Axe
24:40 Castle Age
22:43 Fletching
23:23 Padded Archer Armor
25:29 Thumb Ring
26:07 Horse Collar
37:07 Imperial Age
34:56 Elite Skirmisher
36:46 Scale Barding Armor
37:32 Ballistics
38:05 Bloodlines
37:56 Husbandry
38:57 Conscription
41:23 Corvinian Army
46:41 Murder Holes
49:54 Parthian Tactics
53:07 Cavalier
54:49 Bodkin Arrow
dorodo
11:47 Feudal Age
11:54 Loom
13:46 Double-Bit Axe
13:55 Gold Mining
13:53 Champi Runner
20:17 Wheelbarrow
20:14 Arson
25:41 Castle Age
24:18 Horse Collar
24:35 Stone Mining
26:10 Pikeman
27:37 Bow Saw
27:31 Heavy Plow
28:12 Stone Shaft Mining
29:33 Forging
29:24 Scale Mail Armor
34:27 Iron Casting
34:08 Chain Mail Armor
34:35 Gold Shaft Mining
36:29 Hand Cart
36:00 Town Watch
48:02 Imperial Age
49:28 Crop Rotation
55:28 Halberdier
Selobate
5:25 Loom
16:52 Feudal Age
18:15 Wheelbarrow
17:31 Double-Bit Axe
19:21 Town Watch
23:03 Castle Age
21:49 Fletching
21:59 Padded Archer Armor
22:21 Horse Collar
23:42 Stone Mining
23:43 Gold Mining
25:08 Bow Saw
24:57 Crossbowman
25:07 Crossbowman
29:35 Ballistics
36:41 Thumb Ring
36:39 Heavy Plow
38:31 Bodkin Arrow
38:54 Leather Archer Armor
38:20 Elite Skirmisher
39:24 Hul'che Javelineers
39:31 Squires
38:52 Pikeman
40:32 Forging
40:23 Scale Mail Armor
48:07 Chain Mail Armor
48:28 Iron Casting
51:43 Imperial Age
54:01 Conscription
53:56 Bracer
54:26 Ring Archer Armor
53:48 Halberdier
55:23 Elite Plumed Archer
56:50 Hand Cart
56:40 Town Patrol
Connection lost

Rejoining the realm…

Still unreachable

The connection could not be restored.

Session expired

The server has moved on; the page needs a fresh start.